 Dungeon Crawl Stone Soup version 0.18.1-48-g4cf74bf (webtiles) character file.

54021 Wotyn the Bludgeoner (level 14, -3/130 HPs)
             Began as a Minotaur Fighter on July 4, 2016.
             Was a High Priest of Trog.
             Slain by Rupert
             ... wielding a +2 executioner's axe of chopping
              (10 damage)
             ... on level 2 of the Orcish Mines on July 5, 2016.
             The game lasted 01:47:11 (21771 turns).

Wotyn the Bludgeoner (Minotaur Fighter)            Turns: 21771, Time: 01:47:11

Health: -3/130     AC: 24    Str: 28    XL:     14   Next: 33%
Magic:  19/19      EV: 11    Int:  5    God:    Trog [*****.]
Gold:   1547       SH: 10    Dex: 13    Spells: 0 memorised, 13 levels left

rFire  + . .     SeeInvis +     n - +6 morningstar (crush)
rCold  . . .     Gourm    .     y - +4 chain mail {rF+}
rNeg   . . .     Faith    .     c - +0 shield
rPois  .         Spirit   .     (helmet restricted)
rElec  .         Dismiss  +     r - +0 cloak
rCorr  .         Reflect  .     H - +1 pair of gloves
SustAt .         Harm     .     F - +1 pair of boots
MR     +....                    t - amulet of dismissal
Stlth  ..........               f - ring of see invisible
                                P - +5 ring of strength

@: exhausted, about to teleport, very slightly contaminated, hasted and slowed,
studying Short Blades, somewhat resistant to hostile enchantments, extremely
unstealthy
A: retaliatory headbutt, horns 2, icy blue scales 1
a: Berserk, Trog's Hand, Brothers in Arms, Burn Spellbooks, Renounce Religion


You were on level 2 of the Orcish Mines.
You worshipped Trog.
Trog was extremely pleased with you.
You were hungry.

You visited 3 branches of the dungeon, and saw 21 of its levels.
You also visited: Labyrinth.

You collected 1723 gold pieces.
You spent 176 gold pieces at shops.

Inventory:

Hand Weapons
 n - a +6 morningstar of crushing (weapon)
 s - a +1 antimagic bardiche
 L - the +4 hand axe "Kaoqohaxet" {distort, Dex+2 SInv}
   (You bought it in a shop on level 10 of the Dungeon)

   It warps and distorts space around it.
   Unwielding it can cause banishment or high damage.
   It affects your dexterity (+2).
   It lets you see invisible.
 Q - a +5 antimagic dire flail
Missiles
 x - a silver javelin (quivered)
 V - 5 javelins of returning
Armour
 c - a +0 shield (worn)
 r - a +0 cloak (worn)
 y - a +4 chain mail of fire resistance (worn)
 F - a +1 pair of boots (worn)
 H - a +1 pair of gloves (worn)
Jewellery
 f - a ring of see invisible (right hand)
 t - an amulet of dismissal (around neck)
 O - an uncursed ring of fire
 P - a +5 ring of strength (left hand)
 T - a +3 ring of intelligence
 U - an uncursed ring of stealth
Wands
 a - a wand of lightning (6/15)
 b - a wand of lightning (6/15)
 j - a wand of iceblast (6/15)
 k - a wand of lightning (11/15)
 m - a wand of flame (29/48)
 w - a wand of slowing (9/48)
 z - a wand of flame (0/48)
 A - a wand of lightning (5/15)
 I - a wand of iceblast (6/15)
 J - a wand of iceblast (5/15)
 M - a wand of lightning (8/15)
Scrolls
 e - 4 scrolls of remove curse
 h - 4 scrolls of teleportation
 i - 2 scrolls of identify
 o - a scroll of fog
 E - 3 scrolls of fear
Potions
 g - 2 potions of invisibility
 l - 3 potions of brilliance
 p - 3 potions of might
 v - a potion of resistance
 C - a potion of agility
 K - 5 potions of curing
 S - 2 potions of mutation
 Z - 2 potions of heal wounds
Books
 u - a manual of Short Blades
 N - a Necronomicon

   Spells                             Type                      Level
   a - Haunt                          Necromancy/Summoning         7
   b - Borgnjor's Revivification      Necromancy                   8
   c - Death's Door                   Charms/Necromancy            8
   d - Necromutation                  Transmutation/Necromancy     8
   Trog disapproves of the use of such an item.
Miscellaneous
 d - a box of beasts {used: 1}
Comestibles
 q - 5 meat rations
 B - 7 beef jerkies
 D - 11 royal jellies
 R - a slice of pizza
 Y - 4 bread rations


   Skills:
 * Level 13.9 Fighting
 - Level 17.3 Maces & Flails
 + Level 13.5 Armour
 * Level 9.2 Dodging
 - Level 0.1 Stealth
 - Level 4.1 Shields
 * Level 8.2 Evocations


You had 13 spell levels left.
You didn't know any spells.

Dungeon Overview and Level Annotations

Branches:
Dungeon (11/15)            Temple (0/1) D:5            Lair (8/8) D:11
 Shoals (0/4) Lair:5        Snake (0/4) Lair:3        Slime (0/6) Lair:6
    Orc (2/2) D:10            Elf (0/3) Orc:2

Altars:
Ashenzari
Dithmenos
Kikubaaqudgha
Nemelex Xobeh
Okawaru
Qazlal
Ru
Sif Muna
Trog
Xom
Yredelemnul
The Shining One
Beogh
Jiyva

Shops:
D:10 *

Annotations:
Lair:8 exclusion: oklob plant
Orc:2 Rupert


Innate Abilities, Weirdness & Mutations

You reflexively headbutt those who attack you in melee.
You have a pair of horns on your head.
You are partially covered in icy blue scales (AC +1).


Message History

The orc knight hits you with a broad axe!
You impale Rupert!! You headbutt Rupert.
Rupert is severely wounded.
You block Rupert's attack. The orc knight misses you. You furiously retaliate!
You headbutt the orc knight. You thump Rupert! Your headbutt misses Rupert.
Rupert is severely wounded.
Rupert hits you with an executioner's axe of chopping!!
* * * LOW HITPOINT WARNING * * *
x2 Read which item? (? for menu, Esc to quit)
As you read the scroll of teleportation, it crumbles to dust.
You feel strangely unstable.
You feel sick.
You are no longer poisoned.
The orc knight hits you with a broad axe.
* * * LOW HITPOINT WARNING * * *
Your amulet of dismissal vibrates suddenly!
The orc knight disappears!
Rupert misses you. You furiously retaliate!
You headbutt Rupert!
Rupert hits you with an executioner's axe of chopping!
You die...

##..........#
##.........###
#..........#
..........###
............#####
......#......#.>#
......##.....#..##
......#....(..(..##
....<###...(....@.#
....## ###......@.#
.... ###)...).)ยง#
.... #...(...[.## ....
#.)......))# ....
..)........#).o.
#...........#........
#...........##........
........####.###..


You could see Rupert (berserk).

Vanquished Creatures
  The ghost of Mesmaeker13 the Spear-Bearer, a journeyman DsSu of Okawaru (Lair:8)
  An ettin (Orc:2)
  An anaconda (Lair:8)
  7 hydras
  A catoblepas (Lair:7)
  Erica (D:8)
  4 death yaks (Lair:8)
  3 unseen horrors
  2 hill giants
  A lindwurm (Lair:7)
  An orc knight (D:10)
  2 orc sorcerers
  An ugly thing (D:11)
  3 griffons
  A manticore (Lair:5)
  3 elephants (Lair:6)
  11 black mambas
  Maurice (D:11)
  A gargoyle (D:11)
  A molten gargoyle (Lair:7)
  9 spiny frogs
  8 komodo dragons
  A rime drake (Lair:6)
  A polar bear (Lair:8)
  A two-headed ogre (Orc:2)
  2 trolls
  Grinder (D:5)
  18 blink frogs
  The ghost of KrisztiCat the Digger, an amateur GrEE (D:3)
  Sigmund (D:3)
  2 humans (D:11)
  32 yaks
  A steam dragon (D:11)
  A fire elemental (Lair:7)
  2 fire bats (Lair:7)
  9 hippogriffs
  3 hungry ghosts
  2 basilisks (Lair:7)
  Menkaure (D:5)
  A soldier ant (D:9)
  3 wargs
  20 water moccasins
  9 porcupines
  9 orc warriors
  4 ice beasts
  A black bear (Lair:5)
  A sky beast (D:11)
  A necrophage (D:8)
  A wasp (D:9)
  4 wolves (Lair:7)
  10 ogres
  4 centaurs
  14 crocodiles
  2 big kobolds (D:11)
  16 giant frogs
  A gnoll sergeant (D:5)
  4 scorpions
  5 wights (D:9)
  3 howler monkeys (D:6)
  7 crimson imps
  4 giant frog zombies
  3 centaur zombies
  A giant frog skeleton (D:4)
  11 orc priests
  10 hounds
  3 jellies
  11 orc wizards
  8 worker ants
  3 iguanas
  A killer bee zombie (D:8)
  5 sheep (Lair:8)
  A hound skeleton (D:6)
  3 gnolls (D:7)
  10 adders
  32 river rats
  3 shadow imps
  An adder skeleton (D:7)
  A worm (D:3)
  2 dart slugs
  4 giant geckos
  67 orcs
  A bat zombie (D:3)
  5 giant cockroaches
  7 goblins
  11 hobgoblins
  11 jackals
  15 kobolds
  3 quokkas
  8 ball pythons
  A ball python skeleton (D:4)
  13 bats
  3 giant newts
  2 quokka skeletons
  7 rats
  4 rat zombies (D:3)
  A spectral orc (D:4)
  2 plants
541 creatures vanquished.

Vanquished Creatures (collateral kills)
  Nessos (Orc:2)
  3 dire elephants (Lair:8)
  A death yak (Lair:8)
  A spiny frog (Lair:8)
  A troll (Orc:2)
  A basilisk (Lair:8)
  An orc warrior (Orc:2)
  An ogre (Orc:2)
  An orc wizard (Orc:2)
  3 orcs (Orc:2)
14 creatures vanquished.

Vanquished Creatures (others)
  A fungus (Lair:1)
  2 plants
3 creatures vanquished.

Grand Total: 558 creatures vanquished

Notes
Turn   | Place    | Note
--------------------------------------------------------------
     0 | D:1      | Wotyn the Minotaur Fighter began the quest for the Orb.
     0 | D:1      | Reached XP level 1. HP: 19/19 MP: 0/0
   114 | D:1      | Reached XP level 2. HP: 26/26 MP: 1/1
   608 | D:1      | Reached XP level 3. HP: 31/31 MP: 2/2
  1134 | D:2      | Reached skill level 3 in Maces & Flails
  1137 | D:2      | Reached skill level 1 in Dodging
  1474 | D:2      | Found a bloodstained altar of Trog.
  1482 | D:2      | Became a worshipper of Trog the Wrathful
  1487 | D:2      | Reached XP level 4. HP: 39/39 MP: 3/3
  1800 | D:3      | Noticed KrisztiCat's ghost (amateur GrEE)
  1821 | D:3      | Killed KrisztiCat's ghost
  1821 | D:3      | Reached skill level 4 in Maces & Flails
  1821 | D:3      | Reached skill level 5 in Armour
  1821 | D:3      | Reached XP level 5. HP: 14/45 MP: 4/4
  2097 | D:3      | Reached XP level 6. HP: 46/51 MP: 5/5
  2236 | D:3      | Noticed Sigmund
  2245 | D:3      | Killed Sigmund
  2245 | D:3      | Reached skill level 5 in Maces & Flails
  2274 | D:3      | Found a stormy altar of Qazlal.
  2375 | D:3      | Found an ancient bone altar of Kikubaaqudgha.
  2569 | D:3      | Found a deep blue altar of Sif Muna.
  2576 | D:3      | Reached * piety under Trog
  2576 | D:3      | Reached XP level 7. HP: 57/57 MP: 6/6
  3108 | D:4      | Reached skill level 6 in Maces & Flails
  3277 | D:4      | Found a basalt altar of Yredelemnul.
  3437 | D:4      | Gained mutation: You possess an exceptional clarity of mind. [potion of mutation]
  3437 | D:4      | Gained mutation: You are clumsy. (Dex -2) [potion of mutation]
  3437 | D:4      | Lost mutation: You possess an exceptional clarity of mind. [potion of mutation]
  3852 | D:4      | Found a shimmering altar of Xom.
  4256 | D:5      | Entered Level 5 of the Dungeon
  4274 | D:5      | Reached skill level 7 in Maces & Flails
  4348 | D:5      | Found a basalt altar of Yredelemnul.
  4355 | D:5      | Found an iron altar of Okawaru.
  4404 | D:5      | Found a shattered altar of Ashenzari.
  4450 | D:5      | Noticed Menkaure
  4459 | D:5      | Killed Menkaure
  4459 | D:5      | Reached skill level 5 in Dodging
  4459 | D:5      | Reached XP level 8. HP: 29/64 MP: 7/7
  4879 | D:5      | Found a shadowy altar of Dithmenos.
  5053 | D:5      | Found a staircase to the Ecumenical Temple.
  5055 | D:5      | Noticed Grinder
  5058 | D:5      | Reached ** piety under Trog
  5078 | D:5      | Paralysed by Grinder for 7 turns
  5093 | D:5      | Killed Grinder
  5093 | D:5      | Reached skill level 8 in Maces & Flails
  5435 | D:5      | Reached skill level 1 in Evocations
  5861 | D:6      | Reached skill level 9 in Maces & Flails
  6268 | D:6      | Reached XP level 9. HP: 45/71 MP: 8/8
  6960 | D:7      | Reached skill level 10 in Maces & Flails
  6990 | D:7      | Found a sparkling altar of Nemelex Xobeh.
  7815 | D:8      | Lost mutation: You are clumsy. (Dex -2) [potion of cure mutation]
  8119 | D:8      | Reached *** piety under Trog
  8168 | D:8      | Reached skill level 5 in Fighting
  8272 | D:8      | Noticed Erica
  8288 | D:8      | Killed Erica
  8288 | D:8      | Reached skill level 11 in Maces & Flails
  8337 | D:8      | Reached XP level 10. HP: 79/81 MP: 10/10
  8583 | D:8      | Reached skill level 10 in Armour
  8912 | D:9      | Got a translucent leather armour
  8913 | D:9      | Identified the +3 leather armour "Emithudi" {*Confuse rElec MR+ Int+6} (You found it on level 9 of the Dungeon)
  9005 | D:9      | Found a sacrificial altar of Ru.
  9033 | D:9      | Reached skill level 12 in Maces & Flails
  9091 | D:9      | Reached **** piety under Trog
  9284 | D:9      | Found a glowing golden altar of the Shining One.
  9384 | D:10     | Entered Level 10 of the Dungeon
  9387 | D:10     | Noticed a sea snake
  9492 | D:10     | Found a roughly hewn altar of Beogh.
  9492 | D:10     | Found a staircase to the Orcish Mines.
  9526 | D:10     | Noticed an orc knight
  9536 | D:10     | Noticed an unseen horror
  9746 | D:10     | Killed an orc knight
  9846 | D:10     | Received a gift from Trog
  9885 | D:10     | Killed an unseen horror
  9885 | D:10     | Reached skill level 13 in Maces & Flails
 10291 | D:10     | Found Xegg's Assorted Antiques.
 10353 | D:10     | Bought a crystal hand axe for 176 gold pieces
 10353 | D:10     | Identified the +4 hand axe "Kaoqohaxet" {distort, Dex+2 SInv} (You bought it in a shop on level 10 of the Dungeon)
 10470 | D:10     | Noticed a hill giant
 10479 | D:10     | Killed a hill giant
 10479 | D:10     | Reached XP level 11. HP: 69/91 MP: 12/12
 10591 | D:11     | Found a flagged portal.
 10598 | D:11     | Noticed an unseen horror
 10611 | D:11     | Killed an unseen horror
 10720 | D:11     | Noticed a brown ugly thing
 10727 | D:11     | Killed a brown ugly thing
 10894 | D:11     | Found a staircase to the Lair.
 10915 | D:11     | Reached skill level 14 in Maces & Flails
 11040 | D:11     | Noticed a hill giant
 11048 | D:11     | Killed a hill giant
 11068 | D:11     | Noticed Maurice
 11079 | D:11     | Killed Maurice
 11181 | D:11     | Found a labyrinth entrance.
 11190 | Lab      | Entered a labyrinth
 12482 | Lab      | Noticed a minotaur
 12496 | Lab      | Got a warped hunting sling
 12542 | D:11     | Identified the cursed +0 hunting sling "Somuatoc" {venom, rN+} (You found it in a labyrinth)
 12732 | D:11     | Reached skill level 5 in Evocations
 12767 | D:11     | Found an iron altar of Okawaru.
 12800 | D:11     | Noticed an unseen horror
 12805 | D:11     | Killed an unseen horror
 13077 | Lair:1   | Entered Level 1 of the Lair of Beasts
 13082 | Lair:1   | Reached skill level 15 in Maces & Flails
 13085 | Lair:1   | Noticed a four-headed hydra
 13092 | Lair:1   | Killed a four-headed hydra
 13301 | Lair:1   | Reached XP level 12. HP: 81/101 MP: 13/15
 13335 | Lair:1   | Found a frozen archway.
 13477 | Lair:1   | Reached ***** piety under Trog
 13536 | Lair:1   | Got a twisted ring mail
 13547 | Lair:1   | Identified the cursed +0 ring mail of Ruened {Int+2} (You found it on level 1 of the Lair of Beasts)
 13882 | Lair:1   | Noticed a seven-headed hydra
 14310 | Lair:2   | Killed a seven-headed hydra
 14373 | Lair:2   | Noticed a five-headed hydra
 14381 | Lair:2   | Killed a five-headed hydra
 14381 | Lair:2   | Reached skill level 16 in Maces & Flails
 15368 | Lair:3   | Found a staircase to the Snake Pit.
 15897 | Lair:3   | Received a gift from Trog
 16335 | Lair:3   | Reached skill level 10 in Fighting
 16699 | Lair:3   | Noticed a six-headed hydra
 16706 | Lair:3   | Killed a six-headed hydra
 16821 | Lair:4   | Noticed an eight-headed hydra
 16823 | Lair:4   | Noticed a five-headed hydra
 16835 | Lair:4   | Killed an eight-headed hydra
 16835 | Lair:4   | Received a gift from Trog
 16835 | Lair:4   | Reached XP level 13. HP: 113/113 MP: 17/17
 17110 | Lair:4   | You fall through a shaft!
 17402 | Lair:5   | Found a staircase to the Shoals.
 17413 | Lair:5   | Reached skill level 17 in Maces & Flails
 18323 | Lair:6   | Found a staircase to the Slime Pits.
 18324 | Lair:6   | Found a viscous altar of Jiyva.
 18490 | Lair:6   | Received a gift from Trog
 19858 | Lair:8   | Entered Level 8 of the Lair of Beasts
 19897 | Lair:8   | Gained mutation: You are partially covered in icy blue scales (AC +1). [potion of beneficial mutation]
 19902 | Lair:8   | Noticed Mesmaeker13's ghost (journeyman DsSu)
 19909 | Lair:8   | Killed Mesmaeker13's ghost
 20058 | Lair:8   | Reached XP level 14. HP: 126/129 MP: 18/18
 20873 | Orc:1    | Entered Level 1 of the Orcish Mines
 21104 | Orc:2    | Entered Level 2 of the Orcish Mines
 21508 | Orc:2    | Noticed Rupert
 21726 | Orc:2    | Noticed Nessos
 21727 | Orc:2    | Found a staircase to the Elven Halls.
 21731 | Orc:2    | Killed Nessos
 21770 | Orc:2    | HP: 6/130 [orc knight/broad axe (3)]
 21771 | Orc:2    | Slain by Rupert

Skill      XL: |  1  2  3  4  5  6  7  8  9 10 11 12 13 14 |
---------------+-------------------------------------------+-----
Armour         | 4 5 6 7 8 9 10 11 12 13 | 13.5
Shields        | 4 |  4.1
Maces & Flails | 3 4 5 7 9 11 13 15 16 17 | 17.3
Dodging        | 1 2 3 5 6 7 8 9 |  9.2
Evocations     | 1 2 3 5 6 7 8 |  8.2
Fighting       | 5 6 8 10 13 | 13.9
Stealth        | |  0.1

Action                   |  1- 3 |  4- 6 |  7- 9 | 10-12 | 13-15 || total
-------------------------+-------+-------+-------+-------+-------++-------
Melee: Flail             |   123 |    83 |   198 |       |       ||   404
       Headbutt          |    12 |    17 |    56 |   123 |   112 ||   320
       Morningstar       |       |       |   170 |   622 |   440 ||  1232
Throw: Javelin           |       |       |    12 |     5 |       ||    17
Invok: Burn Spellbooks   |       |     1 |       |       |     1 ||     2
       Berserk           |       |       |     2 |    11 |     2 ||    15
       Trog's Hand       |       |       |     1 |     2 |     1 ||     4
       Brothers in Arms  |       |       |       |       |     5 ||     5
Evoke: Wand              |       |       |     9 |    11 |     8 ||    28
       Box of beasts     |       |       |       |       |     1 ||     1
  Use: Scroll            |     6 |       |     8 |    17 |     4 ||    35
       Potion            |     1 |     2 |    11 |     4 |     2 ||    20
 Stab: Confused          |       |       |     2 |       |       ||     2
  Eat: Chunk             |     2 |       |       |     3 |       ||     5
       Bread ration      |       |     1 |     3 |     5 |       ||     9
       Beef jerky        |       |       |     1 |     2 |       ||     3
       Meat ration       |       |       |     1 |     2 |     3 ||     6
       Fruit             |       |       |     3 |       |     5 ||     8
       Pizza             |       |       |       |     2 |       ||     2
Armor: Scale mail        |    67 |    24 |    86 |       |       ||   177
       Chain mail        |       |       |    41 |   244 |   133 ||   418
Dodge: Dodged            |    54 |    18 |    94 |   142 |   126 ||   434
Block: Shield            |    68 |    45 |   161 |   255 |   168 ||   697
